 Dungeon Crawl Stone Soup version 0.26-a0-720-g2a1d101370 (webtiles) character file.

Game seed: 10692505990264539648

345 Buffagor the Cudgeler (level 6, -4/37 HPs)
             Began as a Gargoyle Fighter on Nov 3, 2020.
             Killed by divine providence
             ... invoked by an orc priest
              (12 damage)
             ... on level 3 of the Dungeon.
             The game lasted 00:09:58 (3195 turns).

Buffagor the Cudgeler (Gargoyle Fighter)            Turns: 3195, Time: 00:09:58

Health: -4/37      AC: 13    Str: 21    XL:     6   Next: 58%
Magic:  6/6        EV:  7    Int:  9    God:
Gold:   182        SH:  9    Dex:  9    Spells: 5/5 levels left

rFire    . . .     SeeInvis .   a - +0 flail
rCold    . . .     Faith    .   c - +0 kite shield
rNeg     + . .     Spirit   .   p - +0 scale mail
rPois    ∞         Reflect  .   (no helmet)
rElec    +         Harm     .   r - +0 cloak
rCorr    .         Rampage  .   (no gloves)
MR       .....                  s - +0 pair of boots (curse)
Stlth    ..........             (no amulet)
HPRegen  0.12/turn              (no ring)
MPRegen  0.10/turn              (no ring)

@: no status effects
A: negative energy resistance 1, electricity resistance, unbreathing,
petrification resistance, rot immunity, AC +4
a: no special abilities


You were on level 3 of the Dungeon.
You visited 1 branch of the dungeon, and saw 3 of its levels.
You also visited: Sewer.

You collected 182 gold pieces.

Inventory:

Hand Weapons
 a - a +0 flail (weapon)
 b - a +0 hunting sling
Missiles
 n - 30 sling bullets
 o - 147 stones (quivered)
 t - 13 poisoned darts
 v - 4 boomerangs
Armour
 c - a +0 kite shield (worn)
 j - a +0 plate armour
 p - a +0 scale mail (worn)
 r - a +0 cloak (worn)
 s - a cursed +0 pair of boots (worn)
Jewellery
 k - an uncursed ring of fire {unknown}
Scrolls
 e - 3 scrolls of identify {unknown}
 f - a scroll of teleportation {unknown}
 h - a scroll of fear {unknown}
 l - a scroll of immolation {unknown}
 m - 2 scrolls of enchant armour {unknown}
 q - a scroll of blinking {unknown}
 u - a scroll of remove curse {unknown}
 y - a scroll of fog {unknown}
 z - 2 scrolls of magic mapping {unknown}
Potions
 d - 2 potions of might
 g - 3 potions of heal wounds {unknown}
 i - 2 potions of flight {unknown}
 w - a potion of degeneration {unknown}
 x - a potion of magic {unknown}
 A - a potion of haste {unknown}


   Skills:
 - Level 3.2 Fighting
 + Level 5.3 Maces & Flails
 + Level 3.1 Slings
 - Level 3.2 Armour
 + Level 1.1 Dodging
 + Level 0.2 Stealth
 - Level 3.2 Shields


You had 5 spell levels left.
You didn't know any spells.
Your spell library contained the following spells:

 Spells                   Type           Power        Failure   Level
 Magic Dart               Conj           #...         99%         1


Dungeon Overview and Level Annotations

Branches:
Dungeon (3/15)              Sewer (visited)

Altars:
Kikubaaqudgha
Sif Muna
Vehumet
Xom


Innate Abilities, Weirdness & Mutations

You are resistant to torment.
Your stone body is resilient. (AC +4)
You are immune to poison.
You resist negative energy. (rN+)
You are resistant to electric shocks. (rElec)
You can survive without breathing.
You are immune to petrification.
You are immune to rotting.


Message History

You block the orc priest's attack.
There is a fountain of clear blue water here.
Things that are here:
a +0 dagger; 4 silver boomerangs; a bubbling grey potion You barely miss the orc priest.
The orc priest hits you but does no damage.
You hit the orc priest but do no damage.
The orc priest invokes the aid of Beogh against you.
You barely resist. The orc priest closely misses you.
You thump the orc priest!
The orc priest is severely wounded.
The orc priest completely misses you.
You hit the orc priest.
The orc priest is almost dead.
The orc priest hits you but does no damage.
You closely miss the orc priest.
The orc priest is almost dead.
The orc priest calls down the wrath of Beogh upon you.
Beogh smites you!
You die...

#......
##.^.#^##
#...... #
##.♣.^..≈# .
#.#####
..#^..≈_... ..
#.#
.⌠.≈.§_#≈♣♣⌠.
#.#
#.≈...≈...#
#.# #§.≈S≈..#
#.#####
#Ko≈..# #
#...... #@#
#.#..)... #)#
#........ #.#
##....... #.#
#..##### #.#
#..#
#.#########..#
#...........>#
#####.########
#.####


You could see an orc priest, a ball python and a kobold.

Vanquished Creatures
  A water moccasin (D:2)
  2 orc wizards (D:3)
  9 adders
  An ooze (D:2)
  4 worms
  A dart slug (D:3)
  2 leopard geckos
  7 orcs (D:3)
  4 bats
  3 giant cockroaches
  5 goblins
  5 hobgoblins
  11 jackals
  A quokka (D:3)
  4 ball pythons
  5 frilled lizards
  12 kobolds
  8 rats
85 creatures vanquished.

Vanquished Creatures (others)
  8 plants (Sewer)
8 creatures vanquished.

Grand Total: 93 creatures vanquished

Notes
Turn   | Place    | Note
-------+----------+-------------------------------------------
     0 | D:1      | Buffagor the Gargoyle Fighter began the quest for the Orb.
     0 | D:1      | Reached XP level 1. HP: 14/14 MP: 1/1
    12 | D:1      | You fall into a shaft and drop 1 floor!
   313 | D:1      | Reached XP level 2. HP: 19/19 MP: 2/2
   422 | D:1      | Reached skill level 3 in Maces & Flails
  1062 | D:2      | Reached XP level 3. HP: 23/23 MP: 3/3
  1418 | D:2      | Noticed a water moccasin
  1437 | D:2      | Killed a water moccasin
  1437 | D:2      | Reached skill level 4 in Maces & Flails
  1437 | D:2      | Reached XP level 4. HP: 11/28 MP: 4/4
  1437 | D:2      | Reached XP level 5. HP: 12/32 MP: 5/5
  1650 | D:2      | Found an ancient bone altar of Kikubaaqudgha.
  1794 | D:2      | Found a shimmering blue altar of Sif Muna.
  1796 | D:2      | Found a radiant altar of Vehumet.
  1799 | D:2      | Identified Vehumet's Tome of Arcane Weapons
  1990 | D:3      | Reached skill level 1 in Dodging
  1990 | D:3      | Reached XP level 6. HP: 37/37 MP: 6/6
  2177 | D:3      | Found a glowing drain.
  2219 | Sewer    | Entered a sewer
  2393 | Sewer    | Reached skill level 5 in Maces & Flails
  3127 | D:3      | Found a shimmering altar of Xom.
  3130 | D:3      | Found a shimmering altar of Xom.
  3131 | D:3      | Found a shimmering altar of Xom.
  3195 | D:3      | Killed from afar by an orc priest

Illustrated notes

Levels and vault maps discovered:
D:1:      tarquinn_simple_flora_water_c, layout_loops_cross,
          chequers_serial_rivers_micro_c
D:2:      layout_loops_corners, grunt_temple_overflow_magic_moments
D:3:      layout_basic, portal_sewer_entry_b, xom_redecorated

Skill      XL: |  1  2  3  4  5  6 |
---------------+-------------------+-----
Maces & Flails | 3 4 5 |  5.3
Slings         | 2 3 |  3.1
Dodging        | 1 |  1.1
Fighting       | |  3.2
Armour         | |  3.2
Stealth        | |  0.2
Shields        | |  3.2

Action                   |  1- 3 |  4- 6 || total
-------------------------+-------+-------++-------
Melee: Flail             |    95 |   171 ||   266
 Fire: Hunting sling     |    27 |    50 ||    77
Throw: Stone             |       |     1 ||     1
Armor: Scale mail        |    44 |    73 ||   117
Dodge: Dodged            |    29 |    37 ||    66
Block: Kite shield       |    46 |    67 ||   113

Table legend: (Time is in decaauts)
 A = Elapsed time spent in this place.
 B = Non-inter-level travel time spent in this place.
 C = Inter-level travel time spent in this place.
 D = Time resting spent in this place.
 E = Time spent auto-exploring this place.
 F = Levels seen in this place.
 G = Mean time per level.
                   A        B        C        D        E       F      G
               +--------+--------+--------+--------+--------+-----+--------+
         Total |   3415 |   3351 |     64 |      0 |   2660 |   4 |  853.8 |
       Dungeon |   2364 |   2300 |     64 |      0 |   1780 |   3 |  788.0 |
         Sewer |   1050 |   1050 |      0 |      0 |    879 |   1 | 1050.0 |
               +--------+--------+--------+--------+--------+-----+--------+

Top non-repeatable levels by time:
   Sewer: 1050 daAuts
     D:2: 1049 daAuts
     D:1: 910 daAuts
     D:3: 404 daAuts
